 Seeded DCSS version 0.29-a0-23-ga79f92ac9c (webtiles) character file.

Game seed: 10000000000011 (custom seed)

284 knot the Chopper (level 6, -1/44 (47) HPs)
             Began as a Demonspawn Berserker on Jan 31, 2022.
             Was a Believer of Trog.
             Slain by Duvessa (9 damage)
             ... on level 4 of the Dungeon.
             The game lasted 00:02:08 (3416 turns).

knot the Chopper (Demonspawn Berserker)             Turns: 3416, Time: 00:02:09

HP:   -1/44 (47)    AC:  2    Str: 18    XL:     6   Next: 7%
MP:   6/6           EV: 12    Int: 10    God:    Trog [**....]
Gold: 126           SH:  5    Dex: 12    Spells: 5/5 levels left

rFire   . . .      SeeInvis .   a - +0 hand axe
rCold   . . .      Faith    .   (no shield)
rNeg    . . .      Spirit   .   b - +0 animal skin
rPois   .          Reflect  +   (no helmet)
rElec   .          Harm     .   (no cloak)
rCorr   .          Rampage  .   (no gloves)
Will    .....                   (no boots)
Stlth   +.........              d - amulet of reflection
HPRegen 0.14/turn               (no ring)
MPRegen 0.20/turn               (no ring)

@: drained
A: magic regeneration, demonic touch 2
a: Renounce Religion, Berserk, Trog's Hand


You were on level 4 of the Dungeon.
You worshipped Trog.
Trog was pleased with you.
You visited 1 branch of the dungeon, and saw 4 of its levels.

You collected 126 gold pieces.

Inventory:

Hand Weapons
 a - a +0 hand axe (weapon)
Missiles
 f - 85 stones (quivered)
 i - 2 poisoned darts
 n - 4 boomerangs
Armour
 b - a +0 animal skin (worn)
Jewellery
 d - an amulet of reflection (around neck)
Wands
 p - a wand of polymorph (4)
Scrolls
 c - a scroll of amnesia {unknown}
 l - 2 scrolls of identify {unknown}
 m - 2 scrolls of blinking {unknown}
 o - a scroll of fog {unknown}
Potions
 e - a potion of curing {unknown}
 g - a potion of lignification {unknown}
 h - a potion of might {unknown}
 j - a potion of magic {unknown}
 k - a potion of heal wounds {unknown}


   Skills:
 - Level 3.0 Fighting
 * Level 6.2 Axes
 * Level 0.1 Throwing
 - Level 1.7 Armour
 - Level 1.7 Dodging


You had 5 spell levels left.
You didn't know any spells.
Your spell library contained the following spells:

 Spells                   Type           Power      Damage    Failure   Level
 Corpse Rot               Necr/Air       0%         N/A       50%         2
 Ensorcelled Hibernation  Hex/Ice        0%         N/A       50%         2
 Passwall                 Tmut/Erth      0%         N/A       50%         2
 Poisonous Vapours        Pois/Air       0%         N/A       50%         2
 Swiftness                Air            0%         N/A       75%         3


Dungeon Overview and Level Annotations

Branches:
Dungeon (4/15)             Temple (0/1) D:4

Altars:

Shops:
D:3 [

Annotations:
D:4 Dowan, Duvessa, Ijyb


Innate Abilities, Weirdness & Mutations

You regenerate magic rapidly.
Your touch may inflict irresistible damage on your foes.


Message History

The adder barely misses you. The adder misses you.
You hit the adder.
The adder is severely wounded.
You block the adder's attack.
You barely miss the adder. Your touch misses the adder.
The adder is severely wounded.
The adder completely misses you.
There is an open door here.
You barely miss the adder. Your touch misses the adder.
The adder is severely wounded.
The adder bites you but does no damage. The adder closely misses you.
You hit the adder.
You kill the adder!
Trog accepts your kill.
Your life force feels restored.
Aiming: Polymorph
Press: ? - help, Shift-Dir - straight line, f - Duvessa
Aim: Duvessa, wielding a +2 short sword of draining and wearing a +0 ring mail (will become a river rat, a scorpion, or a wolf, chance to affect: 31%) Duvessa easily resists.
Duvessa closely misses you.
Aiming: Polymorph
Press: ? - help, Shift-Dir - straight line, f/p - Duvessa
Aim: Duvessa, wielding a +2 short sword of draining and wearing a +0 ring mail (will become a river rat, a scorpion, or a wolf, chance to affect: 31%) Duvessa easily resists.
Duvessa hits you with a +2 short sword of draining!
You feel drained.
Aiming: Polymorph
Press: ? - help, Shift-Dir - straight line, f/p - Duvessa
Aim: Duvessa, wielding a +2 short sword of draining and wearing a +0 ring mail (will become a river rat, a scorpion, or a wolf, chance to affect: 31%) Duvessa easily resists.
Duvessa hits you with a +2 short sword of draining!
* * * LOW HITPOINT WARNING * * *
You feel drained.
* * * LOW HITPOINT WARNING * * *
Aiming: Polymorph
Press: ? - help, Shift-Dir - straight line, f/p - Duvessa
Aim: Duvessa, wielding a +2 short sword of draining and wearing a +0 ring mail (will become a river rat, a scorpion, or a wolf, chance to affect: 31%) Duvessa easily resists.
Ijyb screams, "It's all mine!"
Duvessa hits you with a +2 short sword of draining!
You die...

..)####..... #.....g..
##).....# ##......#
######.# #. #........#
#. ##..##.....# #.
#.)###....(# ###.###
#.###......# ###+###
#....e.....# #
#.####⌠.⌠####Z####$....#
# ....+.>.@egge# ####.##
# ##⌠.⌠###### .# #
###'### # ## ###.### .##
#.# ..####### #.#
........######.#
#..####.....#..#.###
##.# ##.##...........


You could see Duvessa, Ijyb, Dowan, a goblin and a centaur skeleton.

Vanquished Creatures
  An ogre (D:3)
  A scorpion (D:4)
  An orc priest (D:4)
  5 adders
  2 orcs (D:4)
  6 endoplasms
  A giant cockroach (D:1)
  4 goblins
  5 hobgoblins
  14 jackals
  A quokka (D:4)
  2 ball pythons
  7 bats
  5 frilled lizards
  3 kobolds
  5 rats
63 creatures vanquished.

Notes
Turn   | Place    | Note
-------+----------+-------------------------------------------
     0 | D:1      | knot the Demonspawn Berserker began the quest for the Orb.
     0 | D:1      | Reached XP level 1. HP: 18/18 MP: 1/1
   155 | D:1      | Reached skill level 3 in Axes
   273 | D:1      | Gained mutation: You regenerate magic rapidly. [demonic
                  | ancestry]
   273 | D:1      | Reached XP level 2. HP: 16/24 MP: 2/2
  1317 | D:2      | Gained mutation: Your touch may inflict minor irresistible
                  | damage on your foes. [demonic ancestry]
  1317 | D:2      | Reached XP level 3. HP: 29/29 MP: 3/3
  1383 | D:2      | Reached skill level 4 in Axes
  1480 | D:2      | Reached ** piety under Trog
  2064 | D:2      | Reached XP level 4. HP: 33/35 MP: 4/4
  2239 | D:3      | You fall into a shaft and drop 1 floor!
  2378 | D:4      | Reached skill level 5 in Axes
  2573 | D:3      | Found Daocsar's Antique Armour Emporium.
  2614 | D:3      | Noticed an ogre
  2621 | D:3      | Killed an ogre
  2622 | D:3      | Reached XP level 5. HP: 41/41 MP: 5/5
  3338 | D:4      | Reached skill level 6 in Axes
  3338 | D:4      | Gained mutation: Your touch may inflict irresistible damage
                  | on your foes. [demonic ancestry]
  3338 | D:4      | Reached XP level 6. HP: 47/47 MP: 6/6
  3378 | D:4      | Found a staircase to the Ecumenical Temple.
  3393 | D:4      | Noticed Dowan
  3395 | D:4      | Noticed Duvessa
  3395 | D:4      | Noticed Ijyb
  3416 | D:4      | Slain by Duvessa

Illustrated notes

Levels and vault maps discovered:
D:1:      lordsloth_arrival_two_stooges, layout_basic, grunt_decor_fettered,
          minmay_misc_feat_diagonals, nicolae_concentric_dashed_squares_wild
D:2:      layout_rooms, hangedman_decor_clover_reticule
D:3:      layout_basic, serial_shops, shop, kennysheep_path_1
D:4:      layout_rooms, temple_doors_e, uniq_duvessa, uniq_ijyb

Skill      XL: |  1  2  3  4  5 |
---------------+----------------+-----
Axes           | 3 4 5 6 |  6.2
Fighting       | |  3.0
Throwing       | |  0.1
Armour         | |  1.7
Dodging        | |  1.7

Action                   |  1- 3 |  4- 6 || total
-------------------------+-------+-------++-------
Melee: Hand axe          |   116 |    54 ||   170
       Touch             |     9 |     6 ||    15
       Punch             |     1 |       ||     1
Invok: Berserk           |     2 |     3 ||     5
Evoke: Wand              |       |     4 ||     4
 Stab: Sleeping          |       |     1 ||     1
Armor: Animal skin       |    24 |     6 ||    30
Dodge: Dodged            |    77 |    23 ||   100
Block: Other             |    30 |    19 ||    49

Table legend: (Time is in decaauts)
 A = Elapsed time spent in this place.
 B = Non-inter-level travel time spent in this place.
 C = Inter-level travel time spent in this place.
 D = Time resting spent in this place.
 E = Time spent auto-exploring this place.
 F = Levels seen in this place.
 G = Mean time per level.
                   A        B        C        D        E       F      G
               +--------+--------+--------+--------+--------+-----+--------+
         Total |   3483 |   3378 |    105 |    800 |   2158 |   4 |  870.8 |
       Dungeon |   3483 |   3378 |    105 |    800 |   2158 |   4 |  870.8 |
               +--------+--------+--------+--------+--------+-----+--------+

Top non-repeatable levels by time:
     D:1: 1329 daAuts
     D:2: 894 daAuts
     D:3: 859 daAuts
     D:4: 400 daAuts
